 Dungeon Crawl Stone Soup version 0.28.0-53-g5a82cb258f (webtiles) character file.

Game seed: 7977490964570423667

9528 safid the Severer (level 11, -2/74 HPs)
             Began as a Hill Orc Fighter on July 27, 2022.
             Was an Elder of Elyvilon.
             Slain by a spatial maelstrom (14 damage)
             ... on level 1 of the Abyss.
             The game lasted 00:21:17 (12196 turns).

safid the Severer (Hill Orc Fighter)               Turns: 12196, Time: 00:21:17

Health: -2/74      AC: 17    Str: 24    XL:     11   Next: 47%
Magic:  14/16      EV: 16    Int:  8    God:    Elyvilon [****..]
Gold:   974        SH:  5    Dex: 10    Spells: 10/10 levels left

rFire   . . .      SeeInvis .   E - +3 war axe
rCold   . . .      Faith    .   c - +0 buckler
rNeg    . . .      Spirit   .   F - +0 swamp dragon scales
rPois   +          Reflect  .   q - +0 helmet
rElec   .          Harm     .   j - +2 cloak
rCorr   .          Rampage  .   e - +2 pair of gloves
Will    .....                   (no boots)
Stlth   ..........              (no amulet)
HPRegen 0.22/turn               r - ring of poison resistance
MPRegen 0.15/turn               J - +4 ring of evasion

@: mighty, unable to read
A: [frail 2], [screaming 2], [inability to read while threatened]
a: Renounce Religion, Purification, Heal Other, Heal Self


You were on level 1 of the Abyss.
You worshipped Elyvilon.
Elyvilon was greatly pleased with you.
You visited 1 branch of the dungeon, and saw 10 of its levels.
You visited the Abyss 1 time.
You also visited: Bailey.

You collected 1084 gold pieces.
You spent 110 gold pieces at shops.

Inventory:

Hand Weapons
 E - a +3 war axe (weapon)
 H - a +0 broad axe
Missiles
 m - 43 poisoned darts (quivered)
 y - 9 curare-tipped darts
Armour
 c - a +0 buckler (worn)
 e - a +2 pair of gloves (worn)
 j - a +2 cloak (worn)
 q - a +0 helmet (worn)
 F - +0 swamp dragon scales (worn)
Jewellery
 o - a ring of fire
 r - a ring of poison resistance (left hand)
 J - a +4 ring of evasion (right hand)
 M - a ring of resist corrosion
Wands
 k - a wand of flame (26)
 p - a wand of acid (7)
 u - a wand of paralysis (8)
 z - a wand of iceblast (8)
 I - a wand of polymorph (5)
Scrolls
 d - 3 scrolls of teleportation
 h - a scroll of acquirement {unknown}
 i - a scroll of enchant armour
 l - a scroll of enchant weapon
 n - a scroll of magic mapping
 v - a scroll of silence
 w - 3 scrolls of fog
 x - a scroll of brand weapon {unknown}
 C - a scroll of summoning {unknown}
 L - a scroll of noise {unknown}
Potions
 a - a potion of heal wounds {unknown}
 b - a potion of brilliance {unknown}
 f - a potion of attraction {unknown}
 g - a potion of ambrosia {unknown}
 t - 3 potions of curing
 A - 2 potions of flight
 B - a potion of mutation {unknown}
 G - a potion of lignification {unknown}
 K - a potion of haste {unknown}


   Skills:
 + Level 7.7 Fighting
 - Level 16.0 Axes
 + Level 7.2 Armour
 + Level 4.4 Dodging
 + Level 7.2 Shields
 + Level 6.9 Invocations


You had 10 spell levels left.
You didn't know any spells.
Your spell library contained the following spells:

 Spells                   Type           Power      Damage    Failure   Level
 Animate Skeleton         Necr           0%         N/A       63%         1
 Beastly Appendage        Tmut           0%         N/A       63%         1
 Pain                     Necr           0%         1d4       63%         1
 Shock                    Conj/Air       0%         1d3       63%         1
 Wereblood                Tmut           0%         N/A       77%         2
 Gell's Gravitas          Tloc           0%         N/A       94%         3
 Lesser Beckoning         Tloc           0%         N/A       94%         3
 Spider Form              Tmut/Pois      0%         N/A       94%         3
 Swiftness                Air            0%         N/A       94%         3
 Teleport Other           Tloc           0%         N/A       94%         3
 Vampiric Draining        Necr           0%         2d6       94%         3
 Airstrike                Air            0%         N/A       100%        4
 Agony                    Necr           0%         N/A       100%        5
 Excruciating Wounds      Necr           0%         N/A       100%        5


Dungeon Overview and Level Annotations

Branches:
Dungeon (10/15)            Temple (0/1) D:6            Lair (0/6) D:9
 Bailey (visited)
    Orc: D:9-12

Altars:
Elyvilon
Gozag
Sif Muna
Uskayaw
Xom
Zin

Shops:
D:6 [*   D:7 ?

Annotations:
D:2 1 runed translucent door, Crazy Yiuf
D:10 Erolcha


Innate Abilities, Weirdness & Mutations

[You are very frail. (-20% HP)]
[You frequently scream uncontrollably at your foes.]
[You sometimes lose the ability to read scrolls when taking damage.]


Message History

The tentacled starspawn bites you!!
The tentacled starspawn barely misses you.
The tentacled starspawn bites you.
The tentacled starspawn closely misses you.
The wretched star pulses with an eldritch light!
You feel frail. x2
The tentacled starspawn bites you but does no damage.
The tentacled starspawn tentacle-slaps you!
* * * LOW HITPOINT WARNING * * *
The ufetubus disappears in a puff of smoke!
Tentacles burst from the starspawn's body! 2 starspawn tentacles come into view.
You are healed.
The starspawn tentacle grabs you. The starspawn tentacle constricts you.
Unknown command.
The starspawn tentacle's grasp on you weakens, but your attempt to escape fails.
The large abomination hits you!
The starspawn tentacle loses its grip on you.
The tentacle pulls you backwards!
The wretched star pulses with an eldritch light!
You lose the ability to read scrolls when threatened.
The starspawn tentacle grabs you. The starspawn tentacle constricts you.
Unknown command.
Unknown command.
Unknown command.
Unknown command.
Unknown command.
Unknown command.
You escape the starspawn tentacle's grasp.
A thrashing horror comes into view.
The starspawn tentacle misses you.
The thrashing horror moves out of view.
The thrashing horror roars!
The spatial maelstrom hits you!
You feel threatened and lose the ability to read scrolls!
Space warps horribly around you!
* * * LOW HITPOINT WARNING * * *
The spatial maelstrom hits you.
* * * LOW HITPOINT WARNING * * *
Space warps horribly around you!
You die...

. .# #. #.. ... .#
#.# . ##P##. #.##.#
##...## .#≈♣..##
#......###.#≈≈≈.##
.......@.w─.≈.....
.......v...│≈......
........wXX│.....≈≈
........│.3│....≈≈≈
.X......│.*│....≈ ≈
.........\.│.....≈≈
##.....x##Vx..≈.##≈
#......##...≈♣≈♣#.
.................


You could see a tentacled starspawn, a spatial maelstrom, a wretched star, a
thrashing horror, a large abomination, a smoke demon, 2 small abominations and 2
starspawn tentacles.

Vanquished Creatures
  A two-headed ogre (D:9)
  A shadow wraith (Abyss:1)
  2 orc knights (Bailey)
  Joseph (D:10)
  Psyche (D:8)
  Maggie (D:7)
  2 trolls
  Grinder (D:4)
  12 yaks
  2 steam dragons (D:7)
  Menkaure (D:7)
  4 ice beasts
  5 black bears
  6 orc warriors
  4 ogres
  A centaur (D:7)
  A phantom (D:5)
  10 kobold brigands
  A bullfrog (D:8)
  A wyvern zombie (D:8)
  A gnoll sergeant (D:5)
  3 scorpions (D:5)
  2 small abominations (Abyss:1)
  A water moccasin skeleton (D:6)
  5 killer bees (D:9)
  3 wights (D:9)
  5 howler monkeys
  2 electric eels (D:9)
  A crimson imp (Abyss:1)
  3 bullfrog skeletons
  A hound (D:7)
  A jelly (D:7)
  2 centaur skeletons (D:6)
  6 orc priests
  An iguana (D:5)
  6 orc wizards
  A killer bee zombie (D:8)
  A hound skeleton (D:4)
  A howler monkey zombie (D:9)
  12 gnolls
  6 adders
  A shadow imp (D:7)
  2 white imps
  A dart slug (D:2)
  35 orcs
  3 ball pythons (D:2)
  4 endoplasms
  A giant cockroach (D:1)
  13 goblins
  9 hobgoblins
  2 quokkas
  7 bats
  4 frilled lizards
  28 kobolds
  4 rats
236 creatures vanquished.

Vanquished Creatures (others)
  3 fungi (D:2)
3 creatures vanquished.

Grand Total: 239 creatures vanquished

Notes
Turn   | Place    | Note
-------+----------+-------------------------------------------
     0 | D:1      | safid the Hill Orc Fighter began the quest for the Orb.
     0 | D:1      | Reached XP level 1. HP: 19/19 MP: 1/1
   222 | D:1      | Reached XP level 2. HP: 26/27 MP: 2/2
   303 | D:1      | Reached skill level 3 in Axes
   365 | D:1      | Found a faded altar of an unknown god.
   487 | D:1      | Prayed at the altar of an unknown god.
   487 | D:1      | Became a worshipper of Elyvilon the Healer
   487 | D:1      | Reached * piety under Elyvilon
   673 | D:2      | Reached XP level 3. HP: 33/33 MP: 3/3
   922 | D:2      | Found a runed translucent door.
   923 | D:2      | Noticed Crazy Yiuf
  1096 | D:2      | Reached ** piety under Elyvilon
  1526 | D:3      | Reached XP level 4. HP: 40/40 MP: 4/4
  1562 | D:3      | Reached skill level 4 in Axes
  1571 | D:3      | HP: 2/40 [orc priest/nerve-wracking pain (12)]
  1919 | D:3      | Noticed an ogre
  2000 | D:3      | Killed an ogre
  2001 | D:3      | Reached skill level 6 in Axes
  2001 | D:3      | Reached XP level 5. HP: 25/46 MP: 5/5
  2268 | D:3      | Found a shimmering blue altar of Sif Muna.
  2587 | D:4      | Noticed Grinder
  2603 | D:4      | Killed Grinder
  2604 | D:4      | Reached skill level 8 in Axes
  2604 | D:4      | Reached XP level 6. HP: 11/52 MP: 6/6
  2892 | D:4      | Found a shimmering altar of Xom.
  2900 | D:4      | Reached *** piety under Elyvilon
  2928 | D:4      | Found a hide-covered altar of Uskayaw.
  3585 | D:4      | Reached skill level 9 in Axes
  3585 | D:4      | Reached XP level 7. HP: 25/59 MP: 7/7
  3820 | D:5      | Entered Level 5 of the Dungeon
  3999 | D:5      | Reached skill level 10 in Axes
  4147 | D:5      | Elyvilon protects you from harm!
  4300 | D:5      | Reached XP level 8. HP: 66/66 MP: 8/8
  4397 | D:5      | Reached skill level 11 in Axes
  5085 | D:5      | Reached skill level 12 in Axes
  5560 | D:6      | Reached skill level 13 in Axes
  5579 | D:6      | Found an opulent altar of Gozag.
  5857 | D:6      | Found Saocw's Armour Shoppe.
  5877 | D:6      | Reached XP level 9. HP: 71/71 MP: 9/9
  5895 | D:6      | Reached **** piety under Elyvilon
  5908 | D:5      | Reached skill level 14 in Axes
  6303 | D:6      | Reached skill level 15 in Axes
  6471 | D:6      | Found Loshriq's General Store.
  6513 | D:6      | Found a staircase to the Ecumenical Temple.
  7122 | D:7      | Found Kukkowk's Magic Scroll Emporium.
  7127 | D:7      | Bought a scroll of teleportation for 39 gold pieces
  7127 | D:7      | Bought a scroll of identify for 26 gold pieces
  7127 | D:7      | Bought a scroll of magic mapping for 45 gold pieces
  7610 | D:7      | Reached skill level 16 in Axes
  7668 | D:7      | Noticed Menkaure
  7677 | D:7      | Killed Menkaure
  7678 | D:7      | Reached skill level 1 in Invocations
  7852 | D:7      | Reached skill level 1 in Dodging
  7998 | D:7      | You fall into a shaft and drop 1 floor!
  8141 | D:7      | Noticed Maggie
  8158 | D:7      | Killed Maggie
  8159 | D:7      | Reached XP level 10. HP: 58/80 MP: 7/12
  8323 | D:8      | Found a white marble altar of Elyvilon.
  8342 | D:8      | Reached skill level 5 in Fighting
  8441 | D:8      | Noticed Psyche
  8451 | D:8      | Killed Psyche
  8452 | D:8      | Reached skill level 5 in Armour
  8452 | D:8      | Reached skill level 5 in Shields
  8893 | D:8      | Reached ***** piety under Elyvilon
  9446 | D:9      | Found a flagged portal.
  9534 | Bailey   | Entered a bailey
  9752 | Bailey   | Noticed an orc knight
  9754 | Bailey   | Noticed an orc knight
  9796 | Bailey   | Reached skill level 5 in Invocations
  9809 | Bailey   | Killed an orc knight
 10115 | Bailey   | Killed an orc knight
 10116 | Bailey   | Reached XP level 11. HP: 51/91 MP: 13/15
 10317 | Bailey   | Found an iron altar of Okawaru.
 10323 | Bailey   | Identified the +3 chain mail of Amotoux {Will+ Int+2
                  | Stlth-}
 10413 | D:9      | Noticed a two-headed ogre
 10533 | D:9      | Killed a two-headed ogre
 10708 | D:9      | Found a staircase to the Lair.
 11034 | D:9      | Found a glowing silver altar of Zin.
 11437 | D:10     | Entered Level 10 of the Dungeon
 11797 | D:10     | Noticed Joseph
 11811 | D:10     | Killed Joseph
 12066 | D:10     | Noticed Erolcha
 12069 | D:10     | Cast into level 1 of the Abyss (Erolcha)
 12101 | Abyss:1  | HP: 4/93 [something (13)]
 12108 | Abyss:1  | Killed a shadow wraith
 12130 | Abyss:1  | Found a shimmering altar of Xom.
 12182 | Abyss:1  | Noticed a wretched star
 12184 | Abyss:1  | Noticed a tentacled starspawn
 12192 | Abyss:1  | Noticed a spatial maelstrom
 12195 | Abyss:1  | Noticed a thrashing horror
 12196 | Abyss:1  | Slain by a spatial maelstrom

Illustrated notes

Levels and vault maps discovered:
D:1:      mushboom_english_gardens, layout_rooms,
          shapermc_ecumenical_altar_totnotflames
D:2:      layout_loops_ring, uniq_crazy_yiuf_cottage
D:3:      layout_rooms, mainiacjoe_overflow_brackets,
          nicolae_overflow_hidden_temple, patterned_corridor
D:4:      layout_basic, mainiacjoe_overflow_catch_the_wave, st_stairs_5,
          minmay_ogre_servants, uniq_grinder
D:5:      layout_gridville, hex_medium
D:6:      layout_cave_pools, grunt_gozag_breadcrumbs,
          minmay_temple_entry_drinking_statues, serial_shops,
          nicolae_shop_crystal, nicolae_take_the_stairs
D:7:      layout_gridville, serial_shops, nicolae_shop_hallway_stairs,
          minivault_11, uniq_maggie, uniq_menkaure
D:8:      layout_cave_pods, elyvilon_altar_5, uniq_psyche
D:9:      layout_basic, lemuel_crystal_altar, dpeg_oklobed_lair, enter_bailey_4,
          grunt_decor_cap
D:10:     layout_loops_corners, minmay_hollow_rounded_squares, uniq_joseph,
          uniq_erolcha
Abyss:1:  base: D:2, hangedman_abyss_theft

Skill      XL: |  1  2  3  4  5  6  7  8  9 10 11 |
---------------+----------------------------------+-----
Axes           | 3 6 8 9 10 13 16 | 16.0
Fighting       | 4 6 7 |  7.7
Armour         | 4 6 7 |  7.2
Shields        | 4 6 7 |  7.2
Invocations    | 2 5 6 |  6.9
Dodging        | 1 3 4 |  4.4

Action                   |  1- 3 |  4- 6 |  7- 9 | 10-12 || total
-------------------------+-------+-------+-------+-------++-------
Melee: War axe           |   125 |    86 |   302 |   331 ||   844
Throw: Dart              |       |       |     2 |    16 ||    18
Invok: Heal Self         |       |       |     6 |     8 ||    14
       Purification      |       |       |     2 |     5 ||     7
  Use: Potion            |       |     1 |       |       ||     1
       Scroll            |       |       |     4 |     6 ||    10
Armor: Scale mail        |    65 |    31 |   218 |       ||   314
       Swamp dragon scal |       |       |       |   117 ||   117
Dodge: Dodged            |    55 |    30 |   139 |   154 ||   378
Block: Buckler           |    30 |    15 |    66 |    51 ||   162
